 Dungeon Crawl Stone Soup version 0.25-a0-1056-g2efb326896 (webtiles) character file.

Game seed: 6382645150976995950, levelgen mode: deterministic

72 Esekla the Magician (level 4, 0/28 HPs)
             Began as an Octopode Wizard on May 13, 2020.
             Slain by a centaur (8 damage)
             ... on level 5 of the Dungeon.
             The game lasted 00:12:17 (1750 turns).

Esekla the Magician (Octopode Wizard)               Turns: 1750, Time: 00:12:17

Health: 0/28       AC:  1    Str:  7    XL:     4   Next: 26%
Magic:  9/9        EV: 13    Int: 20    God:
Gold:   127        SH:  0    Dex: 10    Spells: 0/10 levels left

rFire    . . .     SeeInvis +   d - +0 short sword
rCold    . . .     Gourm    .   (no shield)
rNeg     . . .     Faith    .   a - +0 hat
rPois    .         Spirit   .   (no amulet)
rElec    .         Reflect  .   h - ring of see invisible
rCorr    .         Harm     .   (no ring)
MR       .....                  (no ring)
Stlth    +++.......             (no ring)
HPRegen  0.09/turn              (no ring)
MPRegen  0.11/turn              (no ring)
                                (no ring)
                                (no ring)

@: no status effects
A: almost no armour, stealthy swim, amphibious, 8 rings, constrict 8, camouflage
1, gelatinous body 1
a: no special abilities


You were on level 5 of the Dungeon.
You were not hungry.

You visited 1 branch of the dungeon, and saw 6 of its levels.

You collected 127 gold pieces.

Inventory:

Hand Weapons
 d - a +0 short sword (weapon)
Missiles
 o - 4 boomerangs (quivered)
Armour
 a - a +0 hat (worn)
Jewellery
 h - a ring of see invisible (left tentacle)
Wands
 i - a wand of polymorph (10)
Scrolls
 f - 2 scrolls of teleportation {unknown}
 g - 2 scrolls of identify {unknown}
 j - a scroll of amnesia {unknown}
 l - 3 scrolls of remove curse {unknown}
 m - 2 scrolls of enchant armour {unknown}
 n - a scroll of magic mapping {unknown}
Potions
 b - a potion of berserk rage {unknown}
 e - 2 potions of curing
 k - a potion of flight {unknown}
Comestibles
 c - 4 rations


   Skills:
 + Level 1.2 Fighting
 + Level 0.3 Short Blades
 * Level 2.4 Dodging
 - Level 2.6 Stealth
 * Level 3.7 Spellcasting
 + Level 1.1 Conjurations
   Level 1.0 Summonings
 * Level 1.4 Translocations
 * Level 0.2 Fire Magic
 * Level 0.5 Air Magic
 * Level 0.8 Poison Magic


You couldn't memorise any spells.
You knew the following spells:

 Your Spells              Type           Power        Failure   Level  Hunger
a - Apportation           Tloc           #.....       8%          1    None
b - Blink                 Tloc           N/A          11%         2    ##.....
c - Mephitic Cloud        Conj/Pois/Air  #.......     28%         3    ###....
d - Magic Dart            Conj           #...         9%          1    None
f - Conjure Flame         Conj/Fire      #.......     30%         3    ###....

Your spell library contained the following spells:

 Spells                   Type           Power        Failure   Level  Hunger
 Summon Small Mammal      Summ           #...         9%          1    None
 Animate Skeleton         Necr           N/A          13%         1    None
 Corona                   Hex            #......      13%         1    None
 Call Imp                 Summ           #.......     13%         2    ##.....
 Slow                     Hex            #.......     21%         2    ##.....


Dungeon Overview and Level Annotations

Branches:
Dungeon (6/15)
 Temple: D:4-7

Altars:

Annotations:
D:6 3 runed translucent doors


Innate Abilities, Weirdness & Mutations

You cannot wear most types of armour.
You are very stealthy in the water. (Stealth+)
You are amphibious.
You can wear up to eight rings at the same time.
You can use your tentacles to constrict eight enemies at once.
Your skin changes colour to match your surroundings (Stealth+).
Your rubbery body absorbs attacks. (AC +1, EV +1)


Message History

A centaur comes into view.
Found a short wooden wand and a ration.
There is a stone staircase leading down here.
The helpless centaur fails to defend itself.
You hit the centaur.
The centaur is lightly wounded.
The centaur misses you. The centaur completely misses you.
You hit the centaur but do no damage. The centaur hits you!
The centaur hits you but does no damage.
You barely miss the centaur. The centaur barely misses you.
The centaur closely misses you.
You hit the centaur. Your squeeze misses the centaur.
The centaur is lightly wounded.
The centaur hits you.
You hit the centaur. You squeeze the centaur!
The centaur is heavily wounded.
The centaur hits you!
* * * LOW HITPOINT WARNING * * *
The centaur hits you!
You die...

#.. ... # ..
... . #. ##
#.## .. #. ..
.# ..% #. .#
....##.#.###
...........
....../..#.#.##
#.@.......
#.c.....##
#.###.### .. ..
### ##


You could see a centaur.

Vanquished Creatures
  A bullfrog zombie (D:6)
  2 adders
  An adder zombie (D:6)
  A dart slug (D:2)
  2 bats
  A giant cockroach (D:3)
  3 jackals (D:3)
  3 kobolds
  3 rats
17 creatures vanquished.

Notes
Turn   | Place    | Note
-------+----------+-------------------------------------------
     0 | D:1      | Esekla the Octopode Wizard began the quest for the Orb.
     0 | D:1      | Reached XP level 1. HP: 11/11 MP: 4/4
   441 | D:2      | Reached XP level 2. HP: 17/18 MP: 6/6
   446 | D:2      | Learned a level 2 spell: Blink
   741 | D:3      | Reached skill level 1 in Fighting
   797 | D:3      | Reached XP level 3. HP: 20/23 MP: 0/8
  1009 | D:3      | Learned a level 3 spell: Mephitic Cloud
  1299 | D:5      | Entered Level 5 of the Dungeon
  1356 | D:5      | Noticed an ogre
  1371 | D:4      | Noticed a phantom
  1518 | D:6      | Noticed an ice beast
  1526 | D:6      | Found a runed translucent gate.
  1526 | D:6      | Found a runed translucent gate.
  1526 | D:6      | Found a runed translucent gate.
  1543 | D:6      | Learned a level 3 spell: Conjure Flame
  1556 | D:6      | Reached XP level 4. HP: 16/28 MP: 1/9
  1696 | D:6      | Noticed an ice beast
  1725 | D:6      | Learned a level 1 spell: Apportation
  1745 | D:5      | Noticed a centaur
  1750 | D:5      | Slain by a centaur

Illustrated notes

Levels and vault maps discovered:
D:1:      psy_arrival_conway, layout_basic
D:2:      minmay_angry_zag, layout_basic, skrybe_limestone_x,
          uniq_crazy_yiuf_cottage
D:3:      kennysheep_goblin_castle, layout_basic, first_ration, serial_glass,
          glass_columns_c, glass_columns_c, uniq_terence
D:4:      layout_basic, minmay_temple_entry_junction, minivault_14, minmay_puff
D:5:      layout_loops_ring, gammafunk_ghost_smash, uniq_ijyb, uniq_eustachio,
          uniq_sigmund
D:6:      layout_rooms, gammafunk_ghost_icy, trog_three_pillars_becter

Skill      XL: |  1  2 |
---------------+-------+-----
Fighting       | 1 |  1.2
Short Blades   | |  0.3
Dodging        | |  2.4
Stealth        | |  2.6
Spellcasting   | |  3.7
Conjurations   | |  1.1
Summonings     | |  1.0
Translocations | |  1.4
Fire Magic     | |  0.2
Air Magic      | |  0.5
Poison Magic   | |  0.8

Action                   |  1- 3 |  4- 6 || total
-------------------------+-------+-------++-------
Melee: Short sword       |    23 |     7 ||    30
       Unarmed           |     3 |       ||     3
       Constrict         |     8 |     1 ||     9
       Tentacles         |     3 |     1 ||     4
 Cast: Magic Dart        |    27 |     2 ||    29
       Conjure Flame     |     1 |       ||     1
  Use: Potion            |     1 |       ||     1
 Stab: Sleeping          |       |     1 ||     1
  Eat: Ration            |       |     1 ||     1
Armor: Skin              |     4 |     1 ||     5
Dodge: Dodged            |    28 |     7 ||    35

Table legend:
 A = Non-vault XP
 B = Vault XP
 C = Vault XP percentage of total XP
 D = Non-vault monster count
 E = Vault monster count
 F = Vault count percentage of total count
                 A         B        C        D         E       F
            +---------+---------+-------+---------+---------+-------
      Total |     104 |       0 |   0.0 |      17 |       0 |   0.0
            +---------+---------+-------+---------+---------+-------
        D:1 |       3 |       0 |   0.0 |       2 |       0 |   0.0
        D:2 |      21 |       0 |   0.0 |       4 |       0 |   0.0
        D:3 |      26 |       0 |   0.0 |       9 |       0 |   0.0
        D:6 |      54 |       0 |   0.0 |       2 |       0 |   0.0
            +---------+---------+-------+---------+---------+-------
